 Dungeon Crawl Stone Soup version 0.29-a0-1033-gb6c65ffae6 (webtiles) character file.

Game seed: 6881622265914195255

16 purpskrrrp the Trooper (level 2, 0/24 HPs)
             Began as a Demonspawn Abyssal Knight on Aug 15, 2022.
             Was a Believer of Lugonu.
             Slain by a ball python (3 damage)
             ... on level 1 of the Dungeon.
             The game lasted 00:02:00 (473 turns).

purpskrrrp the Trooper (Demonspawn Abyssal Knight)   Turns: 473, Time: 00:02:01

Health: 0/24       AC:  4    Str: 13    XL:     2   Next: 41%
Magic:  4/4        EV: 11    Int: 11    God:    Lugonu [**....]
Gold:   48         SH:  0    Dex: 13    Spells: 1/1 levels left

rFire   . . .      SeeInvis .   a - +1 falchion
rCold   . . .      Faith    .   (no shield)
rNeg    . . .      Spirit   .   b - +0 leather armour
rPois   .          Reflect  .   (no helmet)
rElec   .          Harm     .   c - +0 cloak
rCorr   .          Rampage  .   (no gloves)
Will    .....                   (no boots)
Stlth   +.........              (no amulet)
HPRegen 0.08/turn               (no ring)
MPRegen 0.09/turn               (no ring)

@: no status effects
A: ignite blood 1
a: Renounce Religion, Depart the Abyss, Bend Space


You were on level 1 of the Dungeon.
You worshipped Lugonu.
Lugonu was pleased with you.
You visited 1 branch of the dungeon, and saw 1 of its levels.
You visited the Abyss 1 time.

You collected 48 gold pieces.

Inventory:

Hand Weapons
 a - a +1 falchion (weapon)
Armour
 b - a +0 leather armour (worn)
 c - a +0 cloak (worn)
Wands
 e - a wand of flame (6)
Potions
 d - a potion of flight


   Skills:
 + Level 3.1 Fighting
 + Level 2.0 Long Blades
 + Level 2.0 Armour
 + Level 1.2 Dodging
 + Level 2.8 Invocations


You had one spell level left.
You didn't know any spells.
Your spell library was empty.

Dungeon Overview and Level Annotations

Branches:
Dungeon (1/15)

Altars:


Innate Abilities, Weirdness & Mutations

Your demonic aura sometimes causes spilled blood to erupt in flames.


Message History

It is a scroll of identify.
d - a potion of flight The endoplasm hits you but does no damage.
The hobgoblin barely misses you. The ball python bites you.
The ball python barely misses you.
Activating: Bend Space (5% risk of failure)
Press: ? - help, Q - select action, (/) - cycle Dir - look around, f - activate Space bends violently around you!
You blink.
The ball python barely misses you. The ball python misses you.
The ball python attacks as you move away!
The ball python bites you but does no damage.
The ball python closely misses you.
A kobold comes into view. It is wielding a +0 whip.
The kobold shouts!
The dart slug briefly extends its eye-stalks.
The ball python attacks as you move away!
The ball python bites you but does no damage.
Found 11 gold pieces.
The ball python attacks as you move away!
The ball python completely misses you. The ball python bites you.
The ball python grabs you. The ball python constricts you.
You escape the ball python's grasp.
The kobold misses you. The kobold barely misses you.
The kobold attacks as you move away! The kobold misses you.
The ball python attacks as you move away!
The ball python closely misses you. The ball python barely misses you.
The ball python attacks as you move away!
The ball python bites you but does no damage.
The kobold attacks as you move away! The kobold hits you with a +0 whip.
You see here 11 gold pieces.
The ball python attacks as you move away!
The ball python bites you but does no damage.
The ball python closely misses you. The kobold attacks as you move away!
The kobold barely misses you.
The ball python attacks as you move away!
The ball python closely misses you. The kobold attacks as you move away!
The kobold hits you with a +0 whip.
* * * LOW HITPOINT WARNING * * *
The ball python bites you.
You die...

.##.#.#.#.#...#.#.
...~..........#...##.##...
.............#.#.#.......#.
..............#...##.###.##.
..............#.#...........
#...........#...##.###.###.#
.#####...........###......†......
.....#...........####.###.###.###
.#.#..........lS@................
..........w..g.K.######.....#####
...#.............# #.......#
......$....J.....# #.#######
...#......w......# #.#
>................# #.#
.#.#...##############'###########
.......# ~~~~~~~~~.~~~~~~~~~~~
.#.....# ♣P♣♣♣♣♣~.~..P..PP.P~


You could see 2 dart slugs, an endoplasm, a hobgoblin, a ball python, a kobold
and a frilled lizard.

Vanquished Creatures
  2 endoplasms (D:1)
  2 goblins (D:1)
  2 hobgoblins (D:1)
  3 kobolds (D:1)
  2 ball pythons (D:1)
  A bat (D:1)
  A frilled lizard (D:1)
  3 rats (D:1)
16 creatures vanquished.

Notes
Turn   | Place    | Note
-------+----------+-------------------------------------------
     0 | Abyss:1  | purpskrrrp the Demonspawn Abyssal Knight began the quest
                  | for the Orb.
     0 | Abyss:1  | Reached XP level 1. HP: 18/18 MP: 2/2
     1 | D:1      | Escaped the Abyss
   115 | D:1      | Reached skill level 1 in Dodging
   176 | D:1      | Gained mutation: Your demonic aura sometimes causes spilled
                  | blood to erupt in flames. [demonic ancestry]
   176 | D:1      | Reached XP level 2. HP: 21/24 MP: 4/4
   326 | D:1      | Found a faded altar of an unknown god.
   473 | D:1      | Slain by a ball python

Illustrated notes

Levels and vault maps discovered:
D:1:      lightli_arrival_farm, layout_basic,
          hellmonk_ecumenical_altar_lost_god, chequers_serial_rivers_small_a,
          minmay_misc_feat_square, minmay_misc_feat_nine_boxes,
          nicolae_concentric_dashed_squares_wild,
          chequers_serial_rivers_small_3, minivault_24, st_stairs_2

Skill      XL: |  1  2 |
---------------+-------+-----
Dodging        | 1 |  1.2
Armour         | 2 |  2.0
Long Blades    | 2 |  2.0
Fighting       | |  3.1
Invocations    | |  2.8

Action                   || total
-------------------------++-------
Melee: Falchion          ||    37
Invok: Bend Space        ||     1
  Use: Scroll            ||     1
Armor: Leather armour    ||    16
Dodge: Dodged            ||    42

Table legend: (Time is in decaauts)
 A = Elapsed time spent in this place.
 B = Non-inter-level travel time spent in this place.
 C = Inter-level travel time spent in this place.
 D = Time resting spent in this place.
 E = Time spent auto-exploring this place.
 F = Levels seen in this place.
 G = Mean time per level.
                   A        B        C        D        E       F      G
               +--------+--------+--------+--------+--------+-----+--------+
         Total |    490 |    490 |      0 |      0 |    359 |   2 |  245.0 |
       Dungeon |    489 |    489 |      0 |      0 |    359 |   1 |  489.0 |
         Abyss |      1 |      1 |      0 |      0 |      0 |   1 |    1.0 |
               +--------+--------+--------+--------+--------+-----+--------+

Top non-repeatable levels by time:
     D:1: 489 daAuts
 Abyss:1: 1 daAuts
